 Dungeon Crawl Stone Soup version 0.29.1-15-g9cfb28693d (webtiles) character file.

Game seed: 6886781762843886500

1132 LLlMATKO the Trooper (level 8, 0/106 HPs)
             Began as a Minotaur Berserker on Feb 21, 2023.
             Was a Priest of Trog.
             Slain by a steam dragon (6 damage)
             ... on level 5 of the Dungeon.
             The game lasted 00:04:28 (5421 turns).

LLlMATKO the Trooper (Minotaur Berserker)           Turns: 5421, Time: 00:04:29

Health: 0/106      AC: 11    Str: 25    XL:     8   Next: 13%
Magic:  7/7        EV:  9    Int:  4    God:    Trog [***...]
Gold:   170        SH:  4    Dex:  9    Spells: 7/7 levels left

rFire   . . .      SeeInvis .   a - +0 hand axe
rCold   . . .      Faith    .   q - +0 buckler
rNeg    . . .      Spirit   .   k - +0 chain mail
rPois   .          Reflect  .   (helmet restricted)
rElec   .          Harm     .   s - scarf {repulsion}
rCorr   .          Rampage  .   o - +0 pair of gloves
Will    .....                   (no boots)
Stlth   ..........              (no amulet)
HPRegen 0.27/turn               (no ring)
MPRegen 0.10/turn               (no ring)

@: berserking, repel missiles, very quick
A: horns 2, retaliatory headbutt
a: Renounce Religion, Berserk, Trog's Hand


You were on level 5 of the Dungeon.
You worshipped Trog.
Trog was most pleased with you.
You visited 1 branch of the dungeon, and saw 5 of its levels.

You collected 170 gold pieces.

Inventory:

Hand Weapons
 a - a +0 hand axe (weapon)
Missiles
 l - 4 javelins (quivered)
 n - 11 poisoned darts
Armour
 k - a +0 chain mail (worn)
 o - a +0 pair of gloves (worn)
 q - a +0 buckler (worn)
 s - a scarf of repulsion (worn)
Wands
 p - a wand of quicksilver (10)
 v - a wand of digging (4)
Scrolls
 c - a scroll of fear {unknown}
 d - a scroll of blinking {unknown}
 f - 4 scrolls of identify {unknown}
 i - 2 scrolls of amnesia {unknown}
 j - 7 scrolls of teleportation {unknown}
 m - a scroll of torment {unknown}
 r - a scroll of magic mapping {unknown}
 u - a scroll of brand weapon {unknown}
 w - a scroll of butterflies {unknown}
Potions
 b - 2 potions of flight {unknown}
 e - a potion of mutation {unknown}
 g - a potion of magic {unknown}
 h - 3 potions of heal wounds {unknown}
 t - a potion of lignification {unknown}


   Skills:
 + Level 6.6 Fighting
 + Level 6.5 Axes
 + Level 5.9 Armour
 + Level 5.5 Dodging
 + Level 3.0 Shields


You had 7 spell levels left.
You didn't know any spells.
Your spell library was empty.

Dungeon Overview and Level Annotations

Branches:
Dungeon (5/15)             Temple (0/1) D:4

Altars:
Xom

Shops:
D:2 **((?   D:4 :

Annotations:
D:3 2 runed translucent doors, emiel's ghost, amateur OgEE


Innate Abilities, Weirdness & Mutations

You have a pair of horns on your head.
You reflexively headbutt those who attack you in melee.


Message History

The steam dragon bites you.
The steam dragon claws you but does no damage.
Unknown command.
You hit the steam dragon but do no damage.
The steam dragon is moderately wounded.
You closely miss something.
You are engulfed in a cloud of scalding steam.
The steam dragon breathes steam at you. The ball of steam misses you.
You hear some strange, mumbled words.
A puff of flame appears from out of thin air!
The puff of flame hits you!
You barely miss the steam dragon. Your headbutt misses the steam dragon.
The steam dragon is moderately wounded.
You hit something.
You are engulfed in a cloud of scalding steam.
The steam dragon closely misses you. You furiously retaliate!
You headbutt the steam dragon, but do no damage.
The steam dragon claws you but does no damage.
Something hits you.
You are too injured to fight recklessly!
Unknown command.
You are engulfed in a cloud of scalding steam.
* * * LOW HITPOINT WARNING * * *
The steam dragon breathes steam at you. The ball of steam hits you!
* * * LOW HITPOINT WARNING * * *
The orc wizard mumbles some strange words.
The orc wizard flickers and vanishes!
A red film seems to cover your vision as you go berserk!
You feel yourself moving faster!
You feel mighty!
You are engulfed in a cloud of scalding steam.
* * * LOW HITPOINT WARNING * * *
Reactivating autopickup.
You feel a bit more experienced.
You hit the steam dragon but do no damage.
You headbutt the steam dragon!
The steam dragon is severely wounded.
The steam dragon bites you.
You die...

.....##...........
.....#.#.......... #....
......#.##......# #.....
.......##.#....# ...§..
.......#.#.####.# #..§...
........#.##..##.#..§§...
##.......##....##.§.§§§..
..................§.§....
................@..§§....
.........##....##D)§.....
........#.##..##§#§......
.......#.#.####D#.#......
#.#....## #. .{# ##....##
..[.# .... #..... ...#
..... #.... ..... ....
.... ...


You could see a steam dragon (catching breath).

Vanquished Creatures
  A water moccasin (D:3)
  Duvessa (D:5)
  An ice beast (D:5)
  A black bear (D:3)
  2 ogres (D:4)
  A phantom (D:3)
  2 scorpions
  Dowan (D:5)
  A hound (D:5)
  An orc priest (D:5)
  An iguana (D:4)
  Natasha (thrice) (D:2)
  Robin (D:2)
  6 adders
  A shadow imp (D:5)
  2 white imps
  4 worms
  3 dart slugs
  An orc (D:4)
  5 ball pythons
  6 endoplasms
  3 giant cockroaches
  15 goblins
  5 hobgoblins
  7 kobolds
  4 quokkas
  3 bats
  3 frilled lizards
  4 rats
89 creatures vanquished.

Vanquished Creatures (others)
  An orc wizard (D:5)
  An orc (D:5)
2 creatures vanquished.

Grand Total: 91 creatures vanquished

Notes
Turn   | Place    | Note
-------+----------+-------------------------------------------
     0 | D:1      | LLlMATKO the Minotaur Berserker began the quest for the
                  | Orb.
     0 | D:1      | Reached XP level 1. HP: 19/19 MP: 0/0
   384 | D:1      | Reached XP level 2. HP: 14/27 MP: 1/1
   649 | D:1      | Found a faded altar of an unknown god.
   989 | D:2      | Found Axoer's Antique Weapon Emporium.
   990 | D:2      | Noticed Robin
  1002 | D:2      | Reached XP level 3. HP: 33/33 MP: 2/2
  1005 | D:2      | Killed Robin
  1005 | D:2      | Reached ** piety under Trog
  1072 | D:2      | Found Ziloaz's Weapon Shoppe.
  1164 | D:2      | Found Lubliwn's Magic Scroll Shoppe.
  1253 | D:2      | Found Jyti's General Store.
  1329 | D:2      | Found Maraisa's General Store.
  1592 | D:2      | Noticed Natasha
  1598 | D:2      | Killed Natasha
  1599 | D:2      | Reached XP level 4. HP: 32/41 MP: 3/3
  1692 | D:2      | Found Axoer's Antique Weapon Emporium.
  1702 | D:2      | Found Jyti's General Store.
  1832 | D:2      | Found Lubliwn's Magic Scroll Shoppe.
  1845 | D:2      | Found Ziloaz's Weapon Shoppe.
  1939 | D:2      | Found Maraisa's General Store.
  1939 | D:2      | Noticed Natasha
  1949 | D:2      | Killed Natasha
  2194 | D:2      | Found Axoer's Antique Weapon Emporium.
  2214 | D:2      | Found Jyti's General Store.
  2234 | D:2      | Noticed Natasha
  2238 | D:2      | Killed Natasha
  2266 | D:2      | Found Lubliwn's Magic Scroll Shoppe.
  2288 | D:2      | Found Ziloaz's Weapon Shoppe.
  2367 | D:2      | Found Maraisa's General Store.
  2505 | D:3      | Noticed a phantom
  2518 | D:3      | Reached XP level 5. HP: 38/47 MP: 4/4
  2521 | D:3      | Killed a phantom
  2522 | D:3      | Reached skill level 5 in Fighting
  2522 | D:3      | Reached skill level 5 in Axes
  2584 | D:3      | Noticed a black bear
  2594 | D:3      | Killed a black bear
  2595 | D:3      | Reached XP level 6. HP: 43/56 MP: 5/5
  2696 | D:3      | Found a runed translucent door.
  2698 | D:3      | Noticed emiel's ghost (amateur OgEE)
  2725 | D:3      | Noticed a water moccasin
  2740 | D:3      | Killed a water moccasin
  3405 | D:3      | Found a runed translucent door.
  4007 | D:4      | Reached XP level 7. HP: 62/62 MP: 6/6
  4026 | D:4      | Found Celuami's Tremendous Tomes.
  4071 | D:4      | Reached skill level 5 in Armour
  4130 | D:4      | Reached skill level 1 in Shields
  4242 | D:4      | Reached *** piety under Trog
  4313 | D:4      | Reached skill level 5 in Dodging
  4537 | D:4      | Found a staircase to the Ecumenical Temple.
  4716 | D:5      | Entered Level 5 of the Dungeon
  4993 | D:5      | Found a shimmering altar of Xom.
  5190 | D:5      | Noticed Duvessa
  5190 | D:5      | Noticed Dowan
  5208 | D:5      | Killed Dowan
  5209 | D:5      | Reached XP level 8. HP: 55/71 MP: 7/7
  5209 | D:5      | Killed Duvessa
  5369 | D:5      | Identified the +1 robe "Zyemp" {Harm rPois rC+}
  5420 | D:5      | HP: 5/106 [something] (7)]
  5421 | D:5      | Slain by a steam dragon

Illustrated notes

Levels and vault maps discovered:
D:1:      matt_arrival_los_fun, layout_basic, chequers_ecumenical_altar_lobes
D:2:      layout_rooms, serial_shops, nicolae_shop_waterfront,
          nicolae_shop_bloodbath_and_beyond, nicolae_shop_advertising_works
          [nicolae_subvault_shop_adworks], nicolae_shop_crystal,
          nicolae_shop_trees, uniq_robin, uniq_natasha
D:3:      layout_loops_cross, ebering_ghost_sewer_f, nicolae_wormholes
D:4:      layout_basic, temple_hall, nicolae_shop_i_like_big_books,
          minmay_misc_feat_tower
D:5:      layout_gridville, xom_butterflies, minmay_misc_feat_secret_circle,
          uniq_duvessa

Skill      XL: |  1  2  3  4  5  6  7  8 |
---------------+-------------------------+-----
Fighting       | 4 5 6 |  6.6
Axes           | 4 5 6 |  6.5
Armour         | 3 4 5 |  5.9
Dodging        | 3 4 5 |  5.5
Shields        | 2 3 |  3.0

Action                   |  1- 3 |  4- 6 |  7- 9 || total
-------------------------+-------+-------+-------++-------
Melee: Hand axe          |    66 |    85 |    90 ||   241
       Headbutt          |    10 |    19 |    17 ||    46
       Punch             |       |     2 |       ||     2
Throw: Javelin           |       |     2 |       ||     2
Invok: Berserk           |     1 |       |     3 ||     4
Armor: Ring mail         |    15 |       |       ||    15
       Animal skin       |     2 |       |       ||     2
       Chain mail        |    13 |    49 |    25 ||    87
Dodge: Dodged            |    44 |    36 |    36 ||   116
       Repelled          |       |       |     2 ||     2
Block: Buckler           |       |       |     8 ||     8
